 Dungeon Crawl Stone Soup version 0.31-a0-574-g69dc8cc98e (webtiles) character file.

Game seed: 18265785481393341059

33 thirtiethelement the Changeling (level 3, -5/26 HPs)
             Began as a Demonspawn Shapeshifter on Aug 19, 2023.
             Slain by a gnoll
             ... wielding a +0 flail
              (9 damage)
             ... on level 2 of the Dungeon.
             The game lasted 00:02:28 (1018 turns).

thirtiethelement the Changeling (DsSh)              Turns: 1018, Time: 00:02:28

Health: -5/26      AC:  5    Str: 15    XL:     3   Next: 12%
Magic:  3/3        EV: 11    Int:  9    God:
Gold:   8          SH:  0    Dex: 15    Spells: 2/2 levels left

rFire   . . .        f - +0 dagger
rCold   . . .        (no shield)
rNeg    . . .        h - +0 ring mail
rPois   .            (helmet currently unavailable)
rElec   .            (cloak currently unavailable)
rCorr   .            (gloves currently unavailable)
SInv    .            (boots currently unavailable)
Will    .....        (no amulet)
Stlth   +            (no ring)
HPRegen 0.24/turn    (no ring)
MPRegen 0.08/turn

%: no passive effects
@: beast-form
A: beast (slay +2), weakness stinger 1
a: Begin Untransformation


You were on level 2 of the Dungeon.
You were a hulking beast.
You visited 1 branch of the dungeon, and saw 2 of its levels.

You collected 8 gold pieces.

Inventory:

Hand Weapons
 f - a +0 dagger (weapon)
Armour
 a - a +0 animal skin
 h - a +0 ring mail (worn)
Jewellery
 i - an amulet of faith
Talismans
 c - a beast talisman (active)
 d - a flux talisman
Scrolls
 g - a scroll of silence {unknown}
Potions
 b - a potion of lignification
 e - a potion of curing {unknown}


   Skills:
 + Level 1.2 Fighting
 + Level 2.1 Dodging
 + Level 2.9 Unarmed Combat
 + Level 3.2 Shapeshifting


You had 2 spell levels left.
You didn't know any spells.
Your spell library contained the following spells:

 Spells                   Type           Power      Damage    Failure   Level
 Vhi's Electric Charge    Tloc/Air       0%         N/A       94%         3
 Arcjolt                  Conj/Air       0%         1d10      100%        5
 Plasma Beam              Fire/Air       0%         2x1d10    100%        6


Dungeon Overview and Level Annotations

Branches:
Dungeon (2/15)

Altars:


Innate Abilities, Weirdness & Mutations

You are a hulking beast.
Your limbs bulge with bestial killing power. (Slay +2)
You have a small tail.


Message History

You are poisoned.
The adder poisons you! The kobold barely misses you.
You hit the adder.
You kill the adder!
You feel sick. The kobold barely misses you.
Your Dodging skill increases to level 2!
You have reached level 3!
Your experience leads to an increase in your attributes!
Increase (S)trength, (I)ntelligence, or (D)exterity?
You feel agile. x2
You hit the kobold.
You kill the kobold!
You feel sick.
You feel sick.
You feel sick.
You feel sick.
You are no longer poisoned.
HP restored.
Found a stone staircase leading down.
A gnoll comes into view. It is wielding a +0 flail.
The gnoll shouts!
You hear a shout!
The gnoll throws a throwing net.
The throwing net misses you.
You see here a throwing net.
A gnoll is nearby!
A gnoll comes into view. It is wielding a +0 flail.
Found a stone staircase leading down.
A gnoll comes into view. It is wielding a +0 spear.
The gnoll shouts!
You hit the gnoll.
The gnoll is lightly wounded.
The gnoll hits you with a +0 flail.
You hit the gnoll but do no damage.
Your tail-slap misses the gnoll.
The gnoll is lightly wounded.
The gnoll hits you with a +0 flail. x2
You hit the gnoll.
The gnoll is lightly wounded.
The gnoll completely misses you. The gnoll hits you with a +0 flail!
* * * LOW HITPOINT WARNING * * *
The gnoll hits you with a +0 flail!
You die...

.# #. .# #.# .# #.#
.# # #.######.###.#.
#.##...........
#.##....gg..>..
#......hg......
#######.<#.....###.##
.........#(..>.#
######)........#
...........#.##
##########...# #####


You could see 3 gnolls.

Vanquished Creatures
  An adder (D:2)
  5 endoplasms (D:1)
  2 giant cockroaches (D:1)
  A goblin (D:2)
  2 hobgoblins (D:1)
  5 kobolds
  A quokka (D:1)
  A bat (D:1)
  3 frilled lizards (D:1)
21 creatures vanquished.

Notes
Turn   | Place    | Note
-------+----------+-------------------------------------------
     0 | D:1      | thirtiethelement the Demonspawn Shapeshifter began the
                  | quest for the Orb.
     0 | D:1      | Reached XP level 1. HP: 15/15 MP: 1/1
    30 | D:1      | Found a faded altar of an unknown god.
   108 | D:1      | Reached skill level 3 in Shapeshifting
   179 | D:1      | Gained mutation: You have a small tail. [demonic ancestry]
   179 | D:1      | Reached XP level 2. HP: 18/21 MP: 2/2
   953 | D:2      | Reached XP level 3. HP: 16/26 MP: 3/3
  1018 | D:2      | Slain by a gnoll

Illustrated notes

Levels and vault maps discovered:
D:1:      lightli_arrival_lavapool, layout_basic, shapermc_ecumenical_altar_gd
D:2:      layout_loops_ring

Skill      XL: |  1  2 |
---------------+-------+-----
Shapeshifting  | 3 |  3.2
Dodging        | 2 |  2.1
Fighting       | |  1.2
Unarmed Combat | |  2.9

Action                     || total
---------------------------++-------
  Melee: Unarmed           ||    23
         Punch             ||     1
         Dagger            ||    52
         Tailslap          ||     9
 Armour: Animal skin       ||     3
         Ring mail         ||    17
  Dodge: Dodged            ||    50

Table legend: (Time is in decaauts)
 A = Elapsed time spent in this place.
 B = Non-inter-level travel time spent in this place.
 C = Inter-level travel time spent in this place.
 D = Time resting spent in this place.
 E = Time spent auto-exploring this place.
 F = Levels seen in this place.
 G = Mean time per level.
                   A        B        C        D        E       F      G
               +--------+--------+--------+--------+--------+-----+--------+
         Total |   1016 |    970 |     46 |      0 |    793 |   2 |  508.0 |
       Dungeon |   1016 |    970 |     46 |      0 |    793 |   2 |  508.0 |
               +--------+--------+--------+--------+--------+-----+--------+

Top non-repeatable levels by time:
     D:1: 938 daAuts
     D:2: 77 daAuts
